 Dungeon Crawl Stone Soup version 0.28-a0-381-g937acc2988 (webtiles) character file.

Game seed: 2063095382477752917

683 SolCadguy the Cudgeller (level 7, 0/52 HPs)
             Began as a Purple Draconian Artificer on Sept 2, 2021.
             Was an Initiate of Nemelex Xobeh.
             Slain by Sigmund (8 damage)
             ... on level 5 of the Dungeon.
             The game lasted 00:12:04 (3748 turns).

SolCadguy the Cudgeller (DrAr)                      Turns: 3748, Time: 00:12:05

Health: 0/52       AC:  7    Str: 15    XL:     7   Next: 35%
Magic:  7/7        EV: 12    Int: 11    God:    Nemelex Xobeh [......]
Gold:   234        SH:  0    Dex: 13    Spells: 5/6 levels left

rFire   + + .      SeeInvis .   y - +3 quarterstaff (chaos)
rCold   . . .      Faith    .   (shield currently unavailable)
rNeg    . . .      Spirit   .   (armour unavailable)
rPois   .          Reflect  .   (helmet restricted)
rElec   .          Harm     .   z - +0 cloak
rCorr   .          Rampage  .   (no gloves)
Will    +....                   (no boots)
Stlth   ++........              j - amulet of regeneration
HPRegen 1.17/turn               x - ring of protection from fire
MPRegen 0.10/turn               A - ring of protection from fire

@: no status effects
A: breathe power, AC +6, unfitting armour, cold-blooded
a: Breathe Dispelling Energy, Renounce Religion, Draw Escape, Draw Destruction,
Draw Summoning


You were on level 5 of the Dungeon.
You worshipped Nemelex Xobeh.
Nemelex Xobeh was noncommittal.
You visited 2 branches of the dungeon, and saw 6 of its levels.

You collected 234 gold pieces.

Inventory:

Hand Weapons
 a - a +0 club
 g - a +0 falchion
 i - a +3 mace
 v - a +1 dagger of venom
 y - a +3 quarterstaff of chaos (weapon)
Missiles
 f - 22 poisoned darts (quivered)
Armour
 z - a +0 cloak (worn)
Magical Staves
 e - a staff of cold
Jewellery
 j - an amulet of regeneration (around neck)
 x - a ring of protection from fire (left hand)
 A - a ring of protection from fire (right hand)
Wands
 b - a wand of flame (10)
 c - a wand of charming (12)
 u - a wand of acid (11)
Scrolls
 h - 2 scrolls of immolation {unknown}
 l - a scroll of brand weapon {unknown}
 n - a scroll of noise {unknown}
 o - a scroll of fog {unknown}
 r - a scroll of teleportation {unknown}
 s - a scroll of summoning {unknown}
 t - a scroll of blinking {unknown}
 w - 3 scrolls of identify {unknown}
Potions
 k - a potion of attraction {unknown}
 m - a potion of degeneration {unknown}
 p - 2 potions of haste {unknown}
Miscellaneous
 d - a piece from Xom's chessboard (15/15)


   Skills:
 - Level 1.1 Fighting
 - Level 6.2(6.5) Maces & Flails
 + Level 2.4(4.6) Staves
 - Level 2.1 Dodging
 - Level 0.8 Stealth
 - Level 5.5 Evocations


You had 5 spell levels left.
You knew the following spells:

 Your Spells              Type           Power      Damage    Failure   Level
a - Magic Dart            Conj           0%         1d3       34%         1

Your spell library contained the following spells:

 Spells                   Type           Power      Damage    Failure   Level
 Pain                     Necr           0%         1d4       34%         1
 Sandblast                Erth           0%         2d4       34%         1
 Sting                    Tmut/Pois      0%         1d3       34%         1
 Summon Small Mammal      Summ           0%         N/A       34%         1
 Call Imp                 Summ           0%         N/A       47%         2
 Passwall                 Tmut/Erth      0%         N/A       47%         2
 Poisonous Vapours        Pois/Air       0%         N/A       47%         2
 Call Canine Familiar     Summ           0%         N/A       71%         3
 Mephitic Cloud           Conj/Pois/Air  0%         N/A       71%         3
 Summon Guardian Golem    Hex/Summ       0%         N/A       71%         3
 Olgreb's Toxic Radiance  Pois           0%         N/A       98%         4
 Agony                    Necr           0%         N/A       100%        5
 Excruciating Wounds      Necr           0%         N/A       100%        5
 Lee's Rapid Deconstruct  Erth           0%         3d5*      100%        5


Dungeon Overview and Level Annotations

Branches:
Dungeon (5/15)             Temple (1/1) D:5

Altars:
Ashenzari
Cheibriados
Elyvilon
Fedhas
Gozag
Hepliaklqana
Nemelex Xobeh
Okawaru
Ru
Trog
Uskayaw
Wu Jian
Yredelemnul
The Shining One

Annotations:
D:5 Sigmund


Innate Abilities, Weirdness & Mutations

You can breathe bolts of dispelling energy.
Your rich purple scales are hard. (AC +6)
You cannot fit into any form of body armour.
You are cold-blooded and may be slowed by cold attacks.


Message History

You closely miss the shadow imp.
The shadow imp is heavily wounded.
You feel sick. Something hits you.
You are more poisoned.
The shadow imp hits you.
You hit the shadow imp. You burn the shadow imp.
You kill the shadow imp!
You feel sick. Something hits you.
You are more poisoned.
You feel very sick.
You miss something.
You feel very sick. Something hits you but does no damage.
You are more poisoned.
You barely miss something.
You feel very sick. Something hits you but does no damage.
You are more poisoned.
You sock something!
You feel very sick. Something hits you.
You are more poisoned.
You miss something.
You feel very sick.
You miss something. You tail-slap something.
You feel very sick. Something barely misses you.
You barely miss something.
You feel very sick. Something hits you.
* * * LOW HITPOINT WARNING * * *
You hit something.
You feel very sick.
You hear some strange, mumbled words.
A magic dart appears from out of thin air!
The magic dart hits you!
* * * LOW HITPOINT WARNING * * *
You feel better. Something hits you!
You die...
Your body disappears without a glow.

#.### #.... ### .. .....
... ....####### . ##..
#.....#.. ..## ..# #...#
..... #.######## ##.#..
......#.##.....#######..###
.........{@.........##.##
.......#......(..##....####
.......#.........##......##
.......#..........#########
.......#<.........# .#
......##.....รท....# ..
.....# ##.....<...# ..
##### #.........## .
#.........#


There were no monsters in sight!

Vanquished Creatures
  A necrophage (D:4)
  An ogre (D:5)
  A scorpion (D:4)
  2 centaur zombies (D:4)
  Crazy Yiuf (D:5)
  A human zombie (D:4)
  A bullfrog skeleton (D:4)
  A hound (D:5)
  An iguana (D:4)
  2 orc wizards
  A hound zombie (D:4)
  A hound skeleton (D:5)
  A mummy (D:4)
  5 adders
  A shadow imp (D:5)
  5 adder zombies (D:4)
  2 worms
  A dart slug (D:1)
  2 orcs (D:4)
  5 bats
  7 endoplasms
  4 giant cockroaches
  3 goblins
  5 hobgoblins
  2 jackals (D:2)
  5 quokkas
  6 ball pythons
  A frilled lizard (D:3)
  3 kobolds
  A rat (D:3)
73 creatures vanquished.

Vanquished Creatures (collateral kills)
  A centaur zombie (D:4)
  2 orcs (D:4)
  A goblin (D:4)
4 creatures vanquished.

Grand Total: 77 creatures vanquished

Notes
Turn   | Place    | Note
-------+----------+-------------------------------------------
     0 | D:1      | SolCadguy the Draconian Artificer began the quest for the
                  | Orb.
     0 | D:1      | Reached XP level 1. HP: 16/16 MP: 1/1
   340 | D:1      | Found a faded altar of an unknown god.
   363 | D:1      | Reached XP level 2. HP: 10/23 MP: 2/2
   583 | D:1      | You fall into a shaft and drop 1 floor!
  1171 | D:2      | Reached XP level 3. HP: 27/28 MP: 3/3
  1494 | D:2      | Found a sparkling altar of Nemelex Xobeh.
  1545 | D:2      | Learned a level 1 spell: Magic Dart
  1728 | D:3      | Found an iron altar of Okawaru.
  1736 | D:3      | Reached XP level 4. HP: 35/35 MP: 4/4
  1797 | D:3      | Reached skill level 5 in Evocations
  2115 | D:3      | Reached skill level 1 in Maces & Flails
  2299 | D:4      | Noticed a scorpion
  2309 | D:4      | Reached skill level 2 in Maces & Flails
  2316 | D:4      | Killed a scorpion
  2317 | D:4      | Reached skill level 3 in Maces & Flails
  2317 | D:4      | Reached XP level 5. HP: 32/40 MP: 5/5
  2555 | D:4      | Reached skill level 4 in Maces & Flails
  2755 | D:4      | Found a white marble altar of Elyvilon.
  2802 | D:4      | Noticed a necrophage
  2810 | D:4      | Reached XP level 6. HP: 43/46 MP: 6/6
  2848 | D:4      | Reached skill level 5 in Maces & Flails
  2877 | D:4      | Found a basalt altar of Yredelemnul.
  2891 | D:4      | Reached skill level 6 in Maces & Flails
  3138 | D:5      | Entered Level 5 of the Dungeon
  3149 | D:5      | Your scales start taking on a rich purple colour.
  3149 | D:5      | Reached XP level 7. HP: 52/52 MP: 7/7
  3227 | D:5      | Found a runed translucent door.
  3228 | D:5      | Noticed Crazy Yiuf
  3239 | D:5      | Killed Crazy Yiuf
  3316 | D:5      | Reached skill level 1 in Staves
  3329 | D:5      | Found an opulent altar of Gozag.
  3352 | D:5      | Found a staircase to the Ecumenical Temple.
  3366 | Temple   | Entered the Ecumenical Temple
  3654 | D:2      | Became a worshipper of Nemelex Xobeh the Trickster
  3724 | D:5      | Noticed Sigmund
  3747 | D:5      | HP: 2/52 [something/magic dart (7)]
  3748 | D:5      | Slain by Sigmund

Illustrated notes

Levels and vault maps discovered:
D:1:      amcnicky_arrival_choice, layout_loops_ring,
          shapermc_ecumenical_altar_pompeii
D:2:      layout_rooms, basic_altar
D:3:      layout_loops_ring, mainiacjoe_overflow_brackets
D:4:      layout_basic, lemuel_mausoleum_altar_yredelemnul,
          overflow_temple_1_default
D:5:      layout_rooms, vehumet_altar_wand_db, grunt_gozag_breadcrumbs,
          minmay_temple_entry_junction, ebering_ghost_rock_garden, uniq_sigmund,
          uniq_pikel, uniq_ijyb, uniq_crazy_yiuf_cottage
Temple:   nicolae_temple_figure_zero

Skill      XL: |  1  2  3  4  5  6  7 |
---------------+----------------------+-----
Evocations     | 4 5 |  5.5
Maces & Flails | 3 4 6 |  6.2
Staves         | 2 |  2.4
Fighting       | |  1.1
Dodging        | |  2.1
Stealth        | |  0.8

Action                   |  1- 3 |  4- 6 |  7- 9 || total
-------------------------+-------+-------+-------++-------
Melee: Club              |    37 |       |       ||    37
       Tailslap          |    10 |    17 |     5 ||    32
       Mace              |    66 |   143 |     8 ||   217
       Quarterstaff      |       |       |    22 ||    22
Throw: Dart              |     8 |     8 |     3 ||    19
 Cast: Magic Dart        |     1 |     3 |       ||     4
 Abil: Breathe Dispellin |       |       |     3 ||     3
Evoke: Wand              |     2 |     4 |     2 ||     8
       Piece from Xom's  |       |       |     1 ||     1
  Use: Potion            |       |     1 |     1 ||     2
 Stab: Sleeping          |     3 |       |       ||     3
Armor: Skin              |    39 |    63 |     6 ||   108
Dodge: Dodged            |    79 |    88 |    13 ||   180

Table legend: (Time is in decaauts)
 A = Elapsed time spent in this place.
 B = Non-inter-level travel time spent in this place.
 C = Inter-level travel time spent in this place.
 D = Time resting spent in this place.
 E = Time spent auto-exploring this place.
 F = Levels seen in this place.
 G = Mean time per level.
                   A        B        C        D        E       F      G
               +--------+--------+--------+--------+--------+-----+--------+
         Total |   3825 |   3550 |    275 |    401 |   2146 |   6 |  637.5 |
       Dungeon |   3643 |   3373 |    270 |    401 |   2033 |   5 |  728.6 |
        Temple |    182 |    177 |      5 |      0 |    113 |   1 |  182.0 |
               +--------+--------+--------+--------+--------+-----+--------+

Top non-repeatable levels by time:
     D:1: 963 daAuts
     D:4: 867 daAuts
     D:3: 778 daAuts
     D:2: 728 daAuts
     D:5: 305 daAuts
  Temple: 182 daAuts
